 Dungeon Crawl Stone Soup version 0.30.0-18-gc0e69614cb (webtiles) character file.

Game seed: 10596489077853671297

598570 meatpath the Conqueror (level 27, -5/159 HPs)
             Began as a Gargoyle Fighter on May 24, 2023.
             Was a High Priest of the Shining One.
             Killed from afar by an orb of fire (27 damage)
             ... with a fireball
             ... on level 5 of the Realm of Zot on May 25, 2023.
             The game lasted 05:04:00 (97971 turns).

meatpath the Conqueror (Gargoyle Fighter)          Turns: 97971, Time: 05:04:03

Health: -5/159     AC: 45    Str: 17 (20) XL:     27
Magic:  25/41      EV: 21    Int:  8 (11) God:    the Shining One [*****.]
Gold:   4613       SH: 30    Dex: 17      Spells: 13/34 levels left

rFire   + . .        Y - +9 sacred scourge (holy)
rCold   + . .        W - +3 kite shield
rNeg    + + +        v - +6 acid dragon scales
rPois   ∞            r - +2 hood of the Assassin {Detect Stab+ Stlth++}
rElec   +            m - scarf {rC+ rF+}
rCorr   +            t - +0 pair of gloves
SInv    .            y - +2 pair of boots {rampage}
Will    +++++        z - amulet of the Four Winds {rN+ Will+++ Clar}
Stlth   ++           V - ring "Yfful" {Drain rF+ rC+ rN+ MP+9}
HPRegen 0.46/turn    Q - ring of protection from fire
MPRegen 0.27/turn

%: clarity, rampage
@: divinely shielded, flying, glowing, studying Necromancy, unable to read,
unable to drink
A: sickness immunity, AC +20, big wings, negative energy resistance 1,
electricity resistance, torment resistance 1, petrification resistance, talons
2, clumsy 1, deterioration 1, dopey 1, frail 2, low MP 1, screaming 2, no potion
heal 1, cold vulnerability 1, heat vulnerability 2, subdued magic 1, inability
to drink after injury 1, inability to read after injury 1
}: 3/15 runes: decaying, silver, gossamer
a: Renounce Religion, Divine Shield, Cleansing Flame, Summon Divine Warrior


You were on level 5 of the Realm of Zot.
You worshipped the Shining One.
The Shining One was extremely pleased with you.
You visited 11 branches of the dungeon, and saw 50 of its levels.
You visited the Abyss 1 time.
You also visited: Ice Cave and Wizlab.

You collected 6801 gold pieces.
You spent 2188 gold pieces at shops.

Inventory:

Hand Weapons
 Y - a +9 sacred scourge of holy wrath (weapon)
Missiles
 j - 2 throwing nets (quivered)
Armour
 m - a scarf of resistance (worn)
 r - the +2 hood of the Assassin (worn) {Detect Stab+ Stlth++}
   (You bought it in a shop on level 13 of the Dungeon)

   Detect:    It allows the wearer to sense nearby creatures.
   Stab+:     It allows the wearer to make particularly effective stabbing
   attacks against helpless or unaware enemies with any weapon.
   Stlth:     It makes you much more stealthy.
 t - a +0 pair of gloves (worn)
 v - +6 acid dragon scales (worn)
 y - a +2 pair of boots of rampaging (worn)
 W - a +3 kite shield (worn)
Jewellery
 z - the amulet of the Four Winds (around neck) {rN+ Will+++ Clar}
   (You found it on level 3 of the Spider Nest)

   [amulet of nothing]

   rN:        It protects you from negative energy.
   Clar:      It protects you from confusion, rage, mesmerisation and fear.
   Will:      It greatly increases your willpower.
 E - an amulet of regeneration
 K - an amulet of reflection
 Q - a ring of protection from fire (right hand)
 V - the ring "Yfful" (left hand) {Drain rF+ rC+ rN+ MP+9}
   (You bought it in a shop on level 13 of the Dungeon)

   [ring of magical power]

   rF:        It protects you from fire.
   rC:        It protects you from cold.
   rN:        It protects you from negative energy.
   MP:        It affects your magic capacity (+9).
   Drain:     It drains your maximum health when unequipped.
Wands
 k - a wand of iceblast (56)
 w - a wand of acid (15)
 x - a wand of flame (125)
 C - a wand of charming (23)
 G - a wand of mindburst (36)
 N - a wand of digging (19)
 X - a wand of polymorph (26)
Scrolls
 b - 10 scrolls of poison
 e - 7 scrolls of amnesia
 g - 6 scrolls of butterflies
 h - 11 scrolls of magic mapping
 p - 2 scrolls of fear
 q - 28 scrolls of identify
 s - 9 scrolls of teleportation
 B - 10 scrolls of fog
 I - 7 scrolls of noise
Potions
 a - 4 potions of lignification
 f - 13 potions of attraction
 A - 2 potions of berserk rage
 F - 3 potions of magic
 H - 10 potions of brilliance
 J - 6 potions of cancellation
 O - 16 potions of ambrosia
Miscellaneous
 i - a lightning rod (4/4)
 R - a box of beasts
 U - a phial of floods


   Skills:
 O Level 27 Fighting
 - Level 16.4 Maces & Flails
 - Level 17.4 Armour
 - Level 17.2 Dodging
 - Level 16.4 Shields
 - Level 4.1 Spellcasting
 + Level 15.9 Conjurations
 - Level 5.6 Translocations
 + Level 12.0 Transmutations
 - Level 7.5 Fire Magic
 - Level 4.7 Earth Magic
 - Level 17.8 Invocations
 - Level 8.2 Evocations


You had 13 spell levels left.
You knew the following spells:

 Your Spells              Type           Power      Damage    Failure   Level
a - Blink                 Tloc           16%        N/A       7%          2
b - Iron Shot             Conj/Erth      7%         9d2       73%         6
c - Ignition              Fire           5%         3d4       100%        8
d - Irradiate             Conj/Tmut      9%         3d14      3%          5

Your spell library contained the following spells:

 Spells                   Type           Power      Damage    Failure   Level
 Kiss of Death            Conj/Necr      44%        2d8       1%          1
 Magic Dart               Conj           80%        1d7       1%          1
 Shock                    Conj/Air       44%        1d5       1%          1
 Momentum Strike          Conj/Tloc      28%        3d8       1%          2
 Passwall                 Tmut/Erth      9%         N/A       1%          2
 Searing Ray              Conj           40%        2d5       1%          2
 Wereblood                Tmut           16%        N/A       1%          2
 Stone Arrow              Conj/Erth      28%        3d8       1%          3
 Iskenderun's Battlesphe  Conj           20%        2d7       1%          5
 Scorch                   Fire           20%        2d5       2%          2
 Sting                    Tmut/Pois      32%        1d4       3%          1
 Flame Wave               Conj/Fire      15%        2d7       3%          4
 Sticky Flame             Conj/Fire      15%        2d4       3%          4
 Apportation              Tloc           16%        N/A       4%          1
 Hailstorm                Conj/Ice       11%        3d5       4%          3
 Iskenderun's Mystic Bla  Conj/Tloc      14%        2d5       4%          4
 Sandblast                Erth           14%        2d6       6%          1
 Lesser Beckoning         Tloc           16%        N/A       7%          2
 Ignite Poison            Fire/Tmut/Pois 9%         N/A       9%          3
 Volatile Blastmotes      Fire/Tloc      18%        2d11      9%          3
 Blade Hands              Tmut           8%         N/A       9%          5
 Spider Form              Tmut/Pois      8%         N/A       12%         3
 Gell's Gravitas          Tloc           8%         N/A       13%         3
 Teleport Other           Tloc           8%         N/A       13%         3
 Mephitic Cloud           Conj/Pois/Air  7%         N/A       16%         3
 Fulminant Prism          Conj/Hex       5%         3d7       17%         4
 Inner Flame              Hex/Fire       5%         N/A       30%         3
 Portal Projectile        Hex/Tloc       8%         N/A       41%         3
 Vhi's Electric Charge    Tloc/Air       8%         N/A       41%         3
 Freeze                   Ice            4%         1d3       45%         1
 Necrotise                Necr           4%         1d4       45%         1
 Slow                     Hex            4%         N/A       45%         1
 Summon Small Mammal      Summ           4%         N/A       45%         1
 Arcjolt                  Conj/Air       5%         1d15      45%         5
 Starburst                Conj/Fire      7%         6d4       52%         6
 Call Imp                 Summ           2%         N/A       58%         2
 Poisonous Vapours        Pois/Air       2%         N/A       58%         2
 Alistair's Intoxication  Tmut/Pois      5%         N/A       75%         5
 Call Canine Familiar     Summ           1%         N/A       83%         3
 Confusing Touch          Hex            1%         N/A       83%         3
 Frozen Ramparts          Ice            2%         1d1       83%         3
 Ozocubu's Armour         Ice            1%         N/A       83%         3
 Swiftness                Air            1%         N/A       83%         3
 Vampiric Draining        Necr           1%         2d6       83%         3
 Animate Armour           Summ/Erth      8%         N/A       89%         4
 Leda's Liquefaction      Hex/Erth       2%         N/A       89%         4
 Lee's Rapid Deconstruct  Erth           3%         3d5*      89%         5
 Dragon Form              Tmut           8%         N/A       96%         7
 Airstrike                Air            0%         2d(1-17)  99%         4
 Cause Fear               Hex            0%         N/A       99%         4
 Dispel Undead            Necr           1%         3d6       99%         4
 Olgreb's Toxic Radiance  Pois           1%         N/A       99%         4
 Summon Forest            Summ/Tloc      2%         N/A       99%         5
 Metabolic Englaciation   Hex/Ice        0%         N/A       100%        5
 Summon Mana Viper        Hex/Summ       1%         N/A       100%        5
 Dispersal                Tloc           4%         N/A       100%        6
 Plasma Beam              Fire/Air       2%         2x1d14    100%        6
 Simulacrum               Ice/Necr       0%         N/A       100%        6
 Summon Cactus Giant      Summ           0%         N/A       100%        6
 Haunt                    Necr/Summ      0%         N/A       100%        7
 Spellforged Servitor     Conj/Summ      5%         N/A       100%        7
 Summon Hydra             Summ           0%         N/A       100%        7
 Lehudib's Crystal Spear  Conj/Erth      7%         10d3      100%        8
 Maxwell's Capacitive Co  Air            0%         ∞         100%        8
 Chain Lightning          Conj/Air       5%         3d7       100%        9
 Dragon's Call            Summ           0%         N/A       100%        9
 Fire Storm               Conj/Fire      7%         8d2       100%        9
 Polar Vortex             Ice            0%         N/A       100%        9
 Shatter                  Erth           3%         3d7*      100%        9
 Cigotuvi's Dreadful Rot  Necr/Pois/Air  Unusable   N/A       N/A         2
 Sublimation of Blood     Necr           Unusable   N/A       N/A         2

Dungeon Overview and Level Annotations

Branches:
Dungeon (15/15)            Temple (1/1) D:4            Lair (5/5) D:11
  Swamp (4/4) Lair:2       Spider (4/4) Lair:3        Slime (0/5) Lair:5
    Orc (2/2) D:9             Elf (3/3) Orc:2        Vaults (5/5) D:14
  Crypt (2/3) Vaults:2     Depths (4/4) D:15            Zot (5/5) Depths:4
  IceCv (visited)          WizLab (visited)

Altars:
Ashenzari
Cheibriados
Dithmenos
Fedhas
Gozag
Hepliaklqana
Kikubaaqudgha
Makhleb
Nemelex Xobeh
Ru
Sif Muna
Trog
Vehumet
Wu Jian
Xom
The Shining One
Lugonu

Shops:
D:1 (   D:5 [   D:7 (   D:13 =[[=   Orc:2 (=*[   Elf:2 (   Vaults:2 =
Vaults:3 ?   Depths:2 *   Depths:4 !*

Portals:
Hell: Depths:1 Depths:2 Depths:3 Depths:4
Abyss: D:7 Depths:3 Depths:4
Pandemonium: Depths:2
Ziggurat: Depths:2

Annotations:
D:15 Roxanne
Lair:3 2 transporters, bungle's ghost, journeyman MiFi
Depths:2 Parghit
Depths:3 3 exclusions
Zot:3 2 transporters, exclusion: orange crystal statue


Innate Abilities, Weirdness & Mutations

You are immune to sickness and miasma.
Your stone body is resilient. (AC +20)
You are immune to poison.
Your large and strong wings let you fly.
You resist negative energy. (rN+)
You are resistant to electric shocks. (rElec)
You are resistant to unholy torment.
You are immune to petrification.
You have razor-sharp toenails.
You are clumsy. (Dex -2)
Your body sometimes deteriorates upon taking damage.
You are dopey. (Int -2)
You are very frail. (-20% HP)
Your magical capacity is low. (-10% MP)
You frequently scream uncontrollably at your foes.
Potions are less effective at restoring your health.
You are vulnerable to cold. (rC-)
You are very vulnerable to heat. (rF--)
Your spells are a little easier to cast, but a little less powerful.
You occasionally lose the ability to drink potions when taking damage.
You occasionally lose the ability to read scrolls when taking damage.


Message History

The fireball engulfs the orb of fire.
The orb of fire completely resists.
The fireball engulfs your daeva!!!!
You hit the orb of fire but do no damage.
The orb of fire is heavily damaged.
You hit the orb of fire but do no damage.
The orb of fire is heavily damaged.
Your daeva misses the orb of fire.
Your daeva hits the orb of fire but does no damage.
You completely miss the orb of fire.
The orb of fire is heavily damaged.
You barely miss the orb of fire.
The orb of fire is heavily damaged.
The orb of fire glows bright magenta.
The fireball explodes!
The fireball engulfs you!!! You resist.
You feel threatened and lose the ability to read scrolls!
* * * LOW HITPOINT WARNING * * *
Your body deteriorates!
You feel dopey.
The fireball engulfs the orb of fire.
The orb of fire completely resists.
The fireball engulfs your daeva!!!
Your daeva dies!
Your daeva dissolves into sparkling lights!
You hit the orb of fire.
The orb of fire is heavily damaged.
You whack the orb of fire!
The orb of fire is heavily damaged.
You hit the orb of fire but do no damage.
The orb of fire is heavily damaged.
The orb of fire emits a lurid red light.
The fireball explodes!
The fireball engulfs you!! You resist.
You feel threatened and lose the ability to drink potions!
* * * LOW HITPOINT WARNING * * *
The fireball engulfs the orb of fire.
The orb of fire completely resists.
You are momentarily dazzled by a brilliant light.
Your angel hits the orb of fire but does no damage.
Your angel hits the orb of fire with a +2 sacred scourge of holy wrath.
The orb of fire glows deep purple.
The fireball explodes!
The fireball engulfs your angel!!!
Your angel resists.
The fireball engulfs you!! You resist.
You die...

,,,**▓..............[........,*
**** #.......................,*
##^.....................**
##▓.......^...........▓*
▓▓▓▓..^....X.......▓▓
#▓▓▓▓▓▓▓▓▓▓▓##....^▓▓
###..[.))....)...^...^##
##...)##......*.........##
#####^..###.....@A...........##
.......###....................#
.....[## #...............^.^..#
......# #....................#
.....## #..^.................#
.....# #.............^......#
.....## #....................#
......# ##.^^.............^.##
......## ##.....^.......^..##


You could see an orb of fire (distracted, ally target) and a friendly angel
(summoned).

Vanquished Creatures
  2 dread liches (Zot:4)
  13 orbs of fire
  3 ancient liches
  Mara (Depths:1)
  Josephina (Depths:4)
  Sojobo (Depths:1)
  3 Killer Klowns (Zot:4)
  2 curse toes
  5 caustic shrikes (Depths:4)
  Saint Roka (Orc:2)
  12 golden dragons
  A profane servitor (Abyss:3)
  A bone dragon (Vaults:2)
  2 electric golems
  Arachne (Spider:2)
  3 doom hounds (Depths:4)
  12 tentacled monstrosities
  Jorgrun (D:12)
  Grunn (Depths:4)
  2 liches
  A walking earthen tome (Depths:3)
  5 titans (Vaults:5)
  14 Orb Guardians
  5 deep elf master archers
  9 quicksilver dragons
  Frances (Spider:2)
  8 sphinxes
  10 death cobs
  13 shadow dragons
  3 tentacled starspawn
  The ghost of Detar the Severer, an adept HOFi of Beogh (Spider:3)
  3 thorn hunters
  16 tengu reavers
  An azure jelly (Swamp:4)
  5 draconian monks
  11 storm dragons
  3 fenstrider witches (WizLab)
  Agnes (Spider:2)
  8 draconian knights
  A revenant (Depths:2)
  8 fire giants
  9 frost giants
  The ghost of Jussuw Iff the Bringer of Law, an adept KoGl of Zin (D:15)
  2 deep elf sorcerers
  6 iron dragons
  12 draconian scorchers
  11 ghost moths
  2 orc warlords (Vaults:3)
  12 vault wardens
  2 draconian shifters
  A juggernaut zombie (Depths:2)
  4 emperor scorpions
  3 spectral caustic shrikes (Depths:1)
  Aizul (Swamp:3)
  A deep elf elementalist (Elf:3)
  6 draconian stormcallers
  3 broodmothers
  A spriggan defender (Depths:3)
  19 ironbound preservers
  A cacodemon (D:15)
  8 draconian annihilators
  3 ghouls (Crypt:1)
  12 vampire knights
  14 green draconians
  11 stone giants
  7 ironbound thunderhulks
  20 very ugly things
  4 demonspawn black suns (Zot:4)
  5 war gargoyles
  3 eleionomae
  9 black draconians
  3 deep elf demonologists
  An ophan (Depths:1)
  6 yellow draconians
  12 white draconians
  6 deep elf annihilators
  9 red draconians
  8 spark wasps
  Azrael (Spider:2)
  18 purple draconians
  18 dire elephants
  5 bunyips
  3 deep elf death magi
  A blizzard demon (Zot:4)
  7 ettins
  A merfolk impaler (Depths:1)
  A quicksilver dragon zombie (Depths:2)
  2 shambling mangroves (WizLab)
  A crystal guardian (Vaults:4)
  7 fire dragons
  17 yaktaur captains
  9 jiangshi
  5 entropy weavers
  11 great orbs of eyes
  3 deep elf high priests
  An entropy weaver (shapeshifter) (Vaults:1)
  32 vault guards
  A quicksilver dragon skeleton (Depths:2)
  4 spriggan air magi
  11 hydras
  13 ice dragons
  4 ironbound frosthearts
  2 jorogumos
  4 peacekeepers
  3 rakshasas
  Erica (Lair:2)
  An ogre mage (Vaults:5)
  3 ghost crabs
  2 catoblepae
  4 boulder beetles
  A satyr (shapeshifter) (Depths:2)
  5 radroaches
  15 centaur warriors
  3 satyrs (WizLab)
  A death knight (D:14)
  An alligator (shapeshifter) (Vaults:5)
  6 vampire magi (Crypt:1)
  6 deep troll shamans
  13 alligators
  A two-headed ogre (D:12)
  24 dancing weapons
  3 orc high priests
  Urug (Orc:2)
  3 deep troll earth magi
  7 death yaks
  3 tengu warriors
  3 thrashing horrors (Abyss:2)
  2 titan zombies (Depths:2)
  Sonja (D:12)
  A naga sharpshooter (WizLab)
  6 spriggan berserkers
  A wretched star (Abyss:2)
  A skyshark (shapeshifter) (D:15)
  A soul eater (Crypt:1)
  12 deep elf knights
  9 hell knights
  2 storm dragon skeletons (Depths:2)
  15 skeletal warriors (Crypt:1)
  9 iron trolls
  2 sun moths (Spider:4)
  2 fire crabs (Lair:5)
  A shadow wraith (Crypt:2)
  5 pharaoh ants
  A skyshark (Lair:4)
  A spatial maelstrom (Abyss:2)
  5 goliath frogs
  2 spriggan druids
  5 swamp dragons
  A sea snake (shapeshifter) (Vaults:5)
  12 orb spiders
  8 glowing orange brains
  6 flayed ghosts
  9 phantasmal warriors
  2 bog bodies
  3 wizards
  68 deep trolls
  24 ironbound convokers
  7 steelbarb worms
  6 lindwurms
  16 deep elf archers
  14 deep elf pyromancers
  6 necromancers
  9 harpies
  34 ugly things
  19 deep elf zephyrmancers
  5 orc sorcerers
  A stone giant zombie (Depths:2)
  7 orc knights
  A shining eye (Depths:1)
  A shadow dragon skeleton (Depths:2)
  5 oklob plants
  A sphinx zombie (Depths:2)
  2 will-o-the-wisps
  A salamander (shapeshifter) (Vaults:5)
  24 wolf spiders
  4 manticores
  A manticore (shapeshifter) (D:15)
  2 tengu skeletons (Depths:2)
  A sphinx skeleton (Depths:2)
  3 fauns (WizLab)
  22 moths of wrath
  2 worldbinders (Abyss:2)
  19 elephants
  4 cyclopes
  12 vault sentinels
  9 torpor snails
  An eye of devastation (Depths:1)
  4 black mambas
  A rust devil (Depths:2)
  2 ice statues (IceCv)
  A molten gargoyle (Lair:3)
  2 frost giant skeletons (Depths:2)
  21 demonic crawlers
  2 gargoyles
  7 komodo dragons
  An orange demon (Abyss:2)
  An efreet (D:14)
  8 rime drakes
  48 yaktaurs
  11 cane toads
  A kobold demonologist (Depths:3)
  2 unseen horrors (D:11)
  A spriggan skeleton (Depths:2)
  An alligator snapping turtle skeleton (Crypt:1)
  A tormentor (Depths:2)
  5 tengu conjurers
  8 freezing wraiths
  A golden dragon simulacrum (Depths:4)
  9 ice devils
  2 anaconda simulacra (IceCv)
  8 polar bears
  A mana viper skeleton (Crypt:1)
  3 meliai
  4 trolls
  A bloated husk (Swamp:1)
  A polar bear (shapeshifter) (Abyss:2)
  A queen bee (Lair:3)
  32 hornets
  2 tengu simulacra (Depths:4)
  A tarantella (shapeshifter) (Depths:4)
  8 tyrant leeches
  22 tarantellas
  A shadow dragon simulacrum (Depths:4)
  Grinder (D:6)
  A spectral elephant (Lair:2)
  5 dream sheep
  5 blink frogs (Lair:4)
  A guardian serpent zombie (Crypt:1)
  2 spriggan zombies (Depths:2)
  4 flying skulls (Depths:2)
  41 jumping spiders
  A satyr skeleton (Crypt:2)
  27 slime creatures
  6 wraiths
  3 ynoxinuls
  21 culicivoras
  31 spriggans
  4 water elementals
  2 shadows (D:12)
  2 air elementals
  A vampire (D:13)
  12 wyverns
  48 yaks
  2 dire elephant simulacra (IceCv)
  5 fire elementals
  3 neqoxecs
  10 basilisks
  5 chaos spawn
  80 redbacks
  2 golden eyes (Depths:1)
  10 humans (D:14)
  A death yak simulacrum (IceCv)
  5 swamp worm simulacra (Swamp:4)
  4 steam dragons
  16 vampire mosquitoes
  3 spatial vortices (Abyss:2)
  3 harpy simulacra (IceCv)
  Edmund (D:6)
  8 wargs
  5 small abominations (Abyss:2)
  2 acid dragons
  16 hydra simulacra
  13 swamp worms
  A water moccasin (shapeshifter) (D:15)
  4 large abominations (Abyss:2)
  3 floating eyes
  14 water moccasins
  A merfolk skeleton (Crypt:1)
  6 hell hounds (Spider:2)
  An ice beast (D:6)
  3 swamp drakes (Swamp:3)
  10 black bears
  A blink frog zombie (Crypt:2)
  3 sky beasts
  A spectral blink frog (Lair:2)
  32 orc warriors
  53 wolves
  3 boggarts (Lair:5)
  3 ogres
  8 centaurs
  A wolf (shapeshifter) (Vaults:5)
  2 kobold brigands (Depths:3)
  Blork the orc (Orc:2)
  2 komodo dragon zombies
  A gnoll sergeant (D:9)
  14 bullfrogs
  A bullfrog (shapeshifter) (D:15)
  A spectral water moccasin (Lair:2)
  An earth elemental (Elf:1)
  9 scorpions
  A scorpion (shapeshifter) (D:15)
  26 wights
  28 killer bees
  8 electric eels
  4 howler monkeys
  3 hounds
  6 jellies
  19 orc priests
  Crazy Yiuf (D:4)
  5 iguanas
  2 gnoll boudas
  12 starcursed masses
  2 sleepcaps
  Ijyb (D:4)
  8 hell rats (Lair:5)
  An iguana (shapeshifter) (D:15)
  26 orc wizards
  A troll simulacrum (IceCv)
  13 gnolls
  3 river rats (D:6)
  9 adders
  4 white imps
  2 ufetubi (D:5)
  3 swamp drake simulacra (Swamp:4)
  5 worms
  4 dart slugs
  59 orcs
  9 ball pythons
  6 endoplasms
  2 giant cockroaches
  9 goblins
  4 hobgoblins
  11 jackals
  A kobold (shapeshifter) (D:15)
  4 quokkas
  A ball python skeleton (Crypt:1)
  7 bats (D:3)
  5 frilled lizards
  A hobgoblin skeleton (Crypt:1)
  8 kobolds
  6 rats
  A fire vortex (Lair:3)
  A lurking horror (D:7)
  2 starspawn tentacles
2332 creatures vanquished.

Vanquished Creatures (collateral kills)
  An orb of fire (Zot:4)
  3 Orb Guardians
4 creatures vanquished.

Vanquished Creatures (others)
  Asterion (Depths:2)
  A draconian monk (Zot:4)
  A draconian scorcher (Zot:4)
  A red draconian (Zot:4)
  A deep elf pyromancer (Elf:3)
  2 deep elf zephyrmancers
  A moth of wrath (Zot:4)
  A yaktaur (Vaults:5)
  A bloated husk (Swamp:1)
  A culicivora (Spider:3)
  A human (D:14)
  A golden eye (Depths:1)
  A swamp worm (Swamp:1)
  An orc priest (Orc:2)
  13 foxfires (Swamp:1)
  12 starspawn tentacles
40 creatures vanquished.

Grand Total: 2376 creatures vanquished

Notes
Turn   | Place    | Note
-------+----------+-------------------------------------------
     0 | D:1      | meatpath the Gargoyle Fighter began the quest for the Orb.
     0 | D:1      | Reached XP level 1. HP: 14/14 MP: 1/1
   152 | D:1      | Reached XP level 2. HP: 19/19 MP: 2/2
   387 | D:1      | Reached XP level 3. HP: 24/24 MP: 3/3
   486 | D:1      | Found Ragafuomn's Weapon Emporium.
  1563 | D:3      | Reached skill level 4 in Fighting
  1588 | D:3      | Found a faded altar of an unknown god.
  1699 | D:3      | Reached XP level 4. HP: 29/29 MP: 4/4
  1938 | D:3      | Reached XP level 5. HP: 34/34 MP: 5/5
  2178 | D:4      | Found a blossoming altar of Fedhas.
  2183 | D:4      | Found a burning altar of Makhleb.
  2328 | D:4      | Noticed a black bear
  2362 | D:4      | Killed a black bear
  2363 | D:4      | Reached skill level 5 in Fighting
  2363 | D:4      | Reached skill level 5 in Shields
  2363 | D:4      | Reached XP level 6. HP: 17/40 MP: 6/6
  2424 | D:4      | Noticed Ijyb
  2454 | D:4      | Killed Ijyb
  2543 | D:4      | Found a staircase to the Ecumenical Temple.
  2562 | Temple   | Entered the Ecumenical Temple
  2571 | Temple   | Became a worshipper of the Shining One
  2612 | D:4      | Found a runed translucent door.
  2613 | D:4      | Noticed Crazy Yiuf
  2769 | D:4      | Found a sacrificial altar of Ru.
  2771 | D:4      | Found a broken altar of Ashenzari.
  2772 | D:4      | Found an ancient bone altar of Kikubaaqudgha.
  2894 | D:5      | Entered Level 5 of the Dungeon
  2951 | D:5      | Reached XP level 7. HP: 23/44 MP: 7/7
  3119 | D:5      | Found an ornate altar of the Wu Jian Council.
  3130 | D:5      | Found a shimmering blue altar of Sif Muna.
  3184 | D:5      | Found an opulent altar of Gozag.
  3184 | D:5      | Found a sparkling altar of Nemelex Xobeh.
  3201 | D:5      | Found Noepn's Armour Shoppe.
  3216 | D:5      | Bought a +0 cloak of preservation for 161 gold pieces
  3604 | D:5      | Reached skill level 6 in Fighting
  3778 | D:5      | Reached skill level 5 in Maces & Flails
  4060 | D:5      | Reached XP level 8. HP: 21/52 MP: 8/8
  4187 | D:6      | Noticed Edmund
  4209 | D:6      | Killed Edmund
  4397 | D:6      | Reached skill level 7 in Fighting
  4412 | D:6      | Found a shadowy altar of Dithmenos.
  4415 | D:6      | Noticed Grinder
  4415 | D:6      | Reached * piety under the Shining One
  4434 | D:6      | Killed Grinder
  4618 | D:6      | Reached XP level 9. HP: 59/59 MP: 9/9
  4828 | D:6      | Reached skill level 8 in Fighting
  5043 | D:7      | Found Igoan's Antique Weapon Shoppe.
  5044 | D:7      | Noticed a troll
  5060 | D:7      | Killed a troll
  5061 | D:7      | Reached skill level 1 in Dodging
  5475 | D:7      | Found a corrupted altar of Lugonu.
  5475 | D:7      | Found a one-way gate to the infinite horrors of the Abyss.
  5727 | D:7      | Found a shimmering altar of Xom.
  6248 | D:7      | Reached skill level 9 in Fighting
  6470 | D:7      | Reached ** piety under the Shining One
  6515 | D:8      | Reached XP level 10. HP: 65/66 MP: 10/10
  6643 | D:8      | Found a snail-covered altar of Cheibriados.
  6702 | D:8      | Found a bloodstained altar of Trog.
  6703 | D:8      | Found a hazy altar of Hepliaklqana.
  6899 | D:8      | Found a shadowy altar of Dithmenos.
  6953 | D:8      | Reached skill level 10 in Fighting
  7087 | D:8      | Reached *** piety under the Shining One
  7340 | D:9      | Reached skill level 5 in Dodging
  7593 | D:9      | Found a staircase to the Orcish Mines.
  7881 | D:10     | Entered Level 10 of the Dungeon
  7944 | D:10     | Reached XP level 11. HP: 73/73 MP: 11/11
  8233 | D:10     | Reached skill level 11 in Fighting
  8283 | D:10     | Reached **** piety under the Shining One
  8330 | D:10     | HP: 2/74 [orc priest/divine providence (9)]
  8332 | D:10     | The Shining One protects you from harm!
  8333 | D:10     | Reached skill level 10 in Maces & Flails
  9034 | D:11     | Found a staircase to the Lair.
  9138 | D:11     | Noticed a boulder beetle
  9180 | D:11     | Killed a boulder beetle
  9811 | D:12     | Noticed a two-headed ogre
  9823 | D:12     | Killed a two-headed ogre
  9915 | D:12     | Noticed Jorgrun
  9928 | D:12     | Noticed a manticore
 10163 | Lair:1   | Entered Level 1 of the Lair of Beasts
 10163 | Lair:1   | Noticed an oklob plant
 10174 | Lair:1   | Reached skill level 12 in Fighting
 10251 | Lair:1   | Identified the +1 buckler "Geutueps" {rElec Will++ Str-3
                  | Stlth+}
 10253 | Lair:1   | Noticed a death yak
 10273 | Lair:1   | Killed a death yak
 10636 | Lair:1   | Reached XP level 12. HP: 37/82 MP: 5/12
 11018 | Lair:1   | Noticed a death yak
 11019 | Lair:1   | Noticed a death yak
 11050 | Lair:1   | Killed a death yak
 11197 | Lair:1   | Killed a death yak
 11606 | Lair:1   | Reached skill level 13 in Fighting
 11875 | Lair:2   | Noticed Erica
 12265 | Lair:2   | Killed Erica
 12622 | Lair:2   | Reached XP level 13. HP: 76/89 MP: 11/13
 12899 | Lair:2   | Found a staircase to the Swamp.
 12899 | Lair:2   | Reached ***** piety under the Shining One
 12939 | Lair:2   | Reached skill level 14 in Fighting
 13718 | Lair:3   | Found a transporter.
 13727 | Lair:3   | Noticed bungle's ghost (journeyman MiFi)
 13732 | Lair:3   | Found a transporter.
 13887 | Lair:3   | Found a hole to the Spider Nest.
 14644 | Lair:3   | Reached skill level 5 in Armour
 15131 | Lair:4   | Reached skill level 15 in Fighting
 15549 | Lair:4   | Paralysed by a floating eye for 2 turns
 16335 | Lair:4   | Gained mutation: Your large and strong wings let you fly.
                  | [Gargoyle growth]
 16335 | Lair:4   | Reached XP level 14. HP: 63/98 MP: 7/14
 16624 | Lair:5   | Entered Level 5 of the Lair of Beasts
 18139 | Lair:5   | Reached skill level 16 in Fighting
 18154 | Lair:5   | Reached ****** piety under the Shining One
 18182 | Lair:5   | Reached skill level 1 in Invocations
 18268 | Lair:5   | Found a staircase to the Slime Pits.
 19057 | Lair:5   | Reached skill level 15 in Maces & Flails
 19714 | Lair:5   | Reached XP level 15. HP: 99/105 MP: 16/18
 19747 | Lair:5   | Identified the staff of conjuration "Weonioch" {rN+ Dex+3
                  | Stlth+}
 19750 | Lair:5   | Identified the +3 buckler of Bright Liberty {rElec rC+}
 20133 | D:12     | Reached skill level 5 in Invocations
 20483 | D:12     | Noticed Sonja
 20642 | D:12     | Killed Jorgrun
 20985 | D:12     | Killed Sonja
 21232 | D:13     | Found Himneer's Jewellery Boutique.
 21237 | D:13     | Bought the ring "Yfful" {Drain rF+ rC+ rN+ MP+9} for 514
                  | gold pieces
 21248 | D:13     | Found a frozen archway.
 21260 | D:13     | Reached skill level 17 in Fighting
 21325 | IceCv    | Entered an ice cave
 22050 | D:13     | Found Oluruof's Antique Armour Boutique.
 22082 | D:13     | Found Ydghuacot's Armour Emporium.
 22090 | D:13     | Bought a +2 pair of boots of rampaging for 322 gold pieces
 22168 | D:13     | Found Texuw's Jewellery Shoppe.
 22909 | D:14     | Found an ancient bone altar of Kikubaaqudgha.
 23675 | D:14     | Found a gate to the Vaults.
 24420 | D:15     | Entered Level 15 of the Dungeon
 24586 | D:15     | Found a staircase to the Depths.
 24703 | D:15     | Found a runed translucent gate.
 24703 | D:15     | Found a runed translucent gate.
 24706 | D:15     | Found a runed translucent gate.
 24836 | D:15     | Reached XP level 16. HP: 109/114 MP: 22/22
 24862 | D:15     | Identified Roxanne's Secrets of the Goat
 24862 | D:15     | Noticed Roxanne
 25016 | D:15     | Reached skill level 18 in Fighting
 25762 | Orc:1    | Entered Level 1 of the Orcish Mines
 25774 | Orc:1    | Reached skill level 1 in Evocations
 25806 | Orc:1    | Paralysed by an orc sorcerer for 4 turns
 26409 | Orc:2    | Entered Level 2 of the Orcish Mines
 26744 | Orc:2    | Noticed Blork the orc
 26747 | Orc:2    | Paralysed by an orc sorcerer for 3 turns
 26765 | Orc:2    | Killed Blork the orc
 26823 | Orc:2    | Noticed Saint Roka
 27076 | Orc:2    | Killed Saint Roka
 27235 | Orc:2    | Noticed Urug
 27257 | Orc:2    | Killed Urug
 27468 | Orc:2    | Found Xustale's Jewellery Shoppe.
 27483 | Orc:2    | Found Xotipt's Antique Armour Shoppe.
 27564 | Orc:2    | Found a staircase to the Elven Halls.
 27624 | Orc:2    | Found Veeger's General Store.
 27639 | Orc:2    | Found Aseonkoez's Antique Weapon Shoppe.
 27811 | Orc:2    | Bought a scroll of enchant armour for 120 gold pieces
 28027 | Swamp:1  | Entered Level 1 of the Swamp
 28041 | Swamp:1  | Reached skill level 10 in Invocations
 28771 | Swamp:1  | Reached skill level 5 in Evocations
 29379 | Swamp:2  | Reached skill level 19 in Fighting
 30348 | Swamp:3  | Reached XP level 17. HP: 105/122 MP: 25/25
 31366 | Swamp:3  | Noticed Aizul
 31382 | Swamp:3  | Killed Aizul
 31455 | Swamp:4  | Entered Level 4 of the Swamp
 32120 | Swamp:4  | Identified the +4 trident of Foguiqec {flame, Str+2 Dex+3
                  | Stlth+}
 33038 | Swamp:4  | Got a decaying rune of Zot
 33382 | Spider:1 | Entered Level 1 of the Spider Nest
 33460 | Spider:1 | Reached skill level 10 in Dodging
 34056 | Spider:1 | Identified the ring "Ylacun" {Fly rCorr}
 34099 | Spider:1 | Reached skill level 20 in Fighting
 34325 | Spider:2 | You are sucked into a shaft and drop 1 floor!
 34360 | Spider:3 | Found a runed translucent door.
 34361 | Spider:3 | Found a shimmering altar of Xom.
 34361 | Spider:3 | Noticed Detar's ghost (adept HOFi)
 34362 | Spider:3 | Found the amulet of the Four Winds {rN+ Will+++ Clar}
 34941 | Spider:3 | Reached XP level 18. HP: 88/129 MP: 25/28
 35075 | Spider:2 | Noticed Agnes
 35106 | Spider:2 | Killed Agnes
 35668 | Spider:2 | Noticed Arachne
 35693 | Spider:2 | Killed Arachne
 35780 | Spider:2 | Identified a scroll of acquirement
 35781 | Spider:2 | Acquired a manual of Shields
 35853 | Spider:2 | Noticed Frances
 35860 | Spider:2 | Noticed Azrael
 35887 | Spider:2 | Killed Frances
 35888 | Spider:2 | Reached skill level 10 in Shields
 35900 | Spider:2 | Killed Azrael
 36739 | Spider:3 | Killed Detar's ghost
 37504 | Spider:3 | Identified the +0 leather armour of Xugh {rPois}
 37960 | Spider:4 | Entered Level 4 of the Spider Nest
 38652 | Spider:3 | Reached skill level 21 in Fighting
 39905 | Spider:4 | Reached skill level 15 in Invocations
 40362 | Spider:4 | Reached XP level 19. HP: 137/137 MP: 30/30
 41629 | Spider:4 | Identified the +1 pair of boots "Oskobot" {Fly rCorr
                  | Stlth-}
 41631 | Spider:4 | Got a gossamer rune of Zot
 42017 | Elf:1    | Entered Level 1 of the Elven Halls
 42036 | Elf:1    | Found a radiant altar of Vehumet.
 42864 | Elf:1    | Got Hitt's Guide on the Volley
 42899 | Elf:1    | Reached skill level 15 in Shields
 43174 | Elf:2    | Paralysed by an air elemental for 1 turns
 43493 | Elf:2    | Found a runed translucent gate.
 43493 | Elf:2    | Found a runed translucent gate.
 43497 | Elf:2    | Found a runed translucent gate.
 43528 | Elf:2    | Found Bish's Weapon Shoppe.
 44303 | Elf:2    | Reached skill level 22 in Fighting
 44988 | Elf:3    | Entered Level 3 of the Elven Halls
 46138 | Elf:3    | Paralysed by an air elemental for 1 turns
 46141 | Elf:3    | Paralysed by an air elemental for 1 turns
 46575 | Elf:3    | Identified the +1 leather armour of Fun and Games {SInv}
 46612 | Elf:3    | Reached XP level 20. HP: 146/146 MP: 32/32
 46755 | Elf:3    | Noticed a Brimstone Fiend
 46920 | Elf:3    | Noticed a Tzitzimitl
 47241 | Vaults:1 | Entered Level 1 of the Vaults
 48056 | Vaults:1 | Identified the +8 arbalest of Inquiry {drain, rElec Will+
                  | Str+3}
 48199 | Vaults:1 | Identified the +1 hand axe "Sebrutam" {protect, rCorr MP+9}
 48251 | Vaults:1 | Reached skill level 10 in Armour
 49868 | Vaults:1 | Reached skill level 23 in Fighting
 51428 | Vaults:2 | Found a magical portal.
 51437 | WizLab   | Entered Eringya's Formal Garden
 52167 | WizLab   | Reached XP level 21. HP: 105/154 MP: 33/33
 52769 | WizLab   | Found a blossoming altar of Fedhas.
 53452 | Vaults:2 | Identified the +11 flail of the Onslaught {holy, rF+}
 53598 | Vaults:2 | Found Ulahor's Jewellery Shop.
 53988 | Vaults:2 | Got the Omnibus of Morbid Conflagration
 54120 | Vaults:2 | Noticed a bone dragon
 54122 | Vaults:2 | Found a staircase to the Crypt.
 54137 | Vaults:2 | Killed a bone dragon
 54326 | Crypt:1  | Entered Level 1 of the Crypt
 54496 | Crypt:1  | Reached skill level 24 in Fighting
 55437 | Abyss:2  | Cast into level 2 of the Abyss (skeletal warrior)
 55655 | Abyss:2  | Found a corrupted altar of Lugonu.
 55691 | Abyss:2  | Found a corrupted altar of Lugonu.
 55701 | Abyss:2  | Found a corrupted altar of Lugonu.
 55712 | Abyss:2  | Found a corrupted altar of Lugonu.
 55760 | Abyss:2  | Found a corrupted altar of Lugonu.
 55874 | Abyss:2  | Found a corrupted altar of Lugonu.
 56143 | Abyss:3  | Noticed a profane servitor
 56159 | Abyss:3  | Paralysed by accursed screaming for 1 turns
 56167 | Abyss:3  | Killed a profane servitor
 56175 | Abyss:3  | Paralysed by accursed screaming for 2 turns
 56176 | Abyss:3  | HP: 5/156 [starcursed mass/accursed screaming (10)]
 56179 | Crypt:1  | Escaped the Abyss
 57002 | Vaults:3 | Reached skill level 15 in Armour
 57086 | Vaults:3 | Reached XP level 22. HP: 29/163 MP: 34/34
 57525 | Vaults:3 | Reached skill level 25 in Fighting
 58724 | Vaults:3 | Identified the ring "Zupext" {rPois Str+2}
 58909 | Vaults:3 | Found Awogam's Magic Scroll Shop.
 58917 | Vaults:3 | Bought a scroll of teleportation for 45 gold pieces
 62224 | D:4      | Killed Crazy Yiuf
 62578 | D:15     | Reached skill level 26 in Fighting
 62642 | D:15     | Found a runed translucent gate.
 62642 | D:15     | Found a runed translucent gate.
 62647 | D:15     | Noticed Jussuw Iff's ghost (adept KoGl)
 62650 | D:15     | Found a runed translucent gate.
 62713 | Depths:1 | Entered Level 1 of the Depths
 63296 | Depths:1 | Noticed Sojobo
 63826 | Depths:1 | Gained mutation: You are weak. (Str -2) [a shining eye]
 63994 | Depths:1 | Paralysed by a floating eye for 4 turns
 64003 | Depths:1 | Paralysed by a floating eye for 2 turns
 64016 | Depths:1 | Paralysed by a floating eye for 3 turns
 64024 | Depths:1 | Paralysed by a floating eye for 2 turns
 64027 | Depths:1 | Paralysed by a floating eye for 3 turns
 64036 | Depths:1 | Paralysed by a floating eye for 4 turns
 64171 | Depths:1 | Noticed Mara
 64188 | Depths:1 | Noticed meatpath's illusion
 64215 | Depths:1 | Killed Mara
 64216 | Depths:1 | Reached XP level 23. HP: 123/173 MP: 35/35
 64321 | Depths:1 | Identified a +5 sacred scourge of holy wrath (a +3 demon
                  | whip of flaming blessed by the Shining One)
 64321 | Depths:1 | Received a gift from the Shining One
 64377 | Depths:1 | Found a shadowy altar of Dithmenos.
 64425 | Depths:1 | Found a gateway to Hell.
 66298 | D:13     | Bought the +2 hood of the Assassin {Detect Stab+ Stlth++}
                  | for 900 gold pieces
 66298 | D:13     | Found the +2 hood of the Assassin {Detect Stab+ Stlth++}
 66521 | Depths:2 | Noticed Asterion
 66538 | Depths:2 | Killed Asterion
 66719 | Depths:2 | Found a one-way gate leading to the halls of Pandemonium.
 66809 | Depths:2 | Found a one-way gateway to a ziggurat.
 67197 | Depths:2 | Reached skill level 27 in Fighting
 67878 | Depths:2 | Found Nuodeiqu's Assorted Antiques.
 68503 | Depths:2 | Found an ornate altar of the Wu Jian Council.
 68646 | Depths:3 | Noticed Parghit
 70175 | Depths:3 | Noticed an ancient lich
 70191 | Depths:3 | Killed an ancient lich
 71086 | Depths:3 | Reached XP level 24. HP: 179/181 MP: 35/35
 71762 | Depths:4 | Entered Level 4 of the Depths
 72594 | Depths:4 | Noticed a caustic shrike
 72596 | Depths:4 | Noticed a caustic shrike
 72599 | Depths:4 | Noticed a caustic shrike
 72599 | Depths:4 | Noticed a caustic shrike
 72599 | Depths:4 | Noticed a caustic shrike
 72623 | Depths:4 | Killed a caustic shrike
 72636 | Depths:4 | Killed a caustic shrike
 72642 | Depths:4 | Killed a caustic shrike
 72659 | Depths:4 | Killed a caustic shrike
 72865 | Depths:4 | Noticed Grunn
 72885 | Depths:4 | Killed Grunn
 72946 | Depths:4 | Killed a caustic shrike
 72947 | Depths:4 | Reached skill level 15 in Dodging
 73067 | Depths:4 | Identified the ring "Tof Soaf" {Ice Str+5}
 73067 | Depths:4 | Noticed Josephina
 73588 | Depths:4 | Killed Josephina
 73814 | Depths:4 | Found a gate to the Realm of Zot.
 74099 | Depths:4 | Found Qostob Xefro's Distillery.
 74104 | Depths:4 | Found Bets's General Store.
 74107 | Depths:4 | Bought a potion of curing for 42 gold pieces
 74107 | Depths:4 | Bought a potion of curing for 42 gold pieces
 74126 | Depths:4 | Bought a scroll of teleportation for 42 gold pieces
 74536 | Depths:1 | Paralysed by an air elemental for 1 turns
 74547 | Depths:1 | Paralysed by an air elemental for 1 turns
 74549 | Depths:1 | Killed Sojobo
 75011 | Vaults:5 | Entered Level 5 of the Vaults
 75011 | Vaults:5 | Noticed an ancient lich
 75059 | Vaults:5 | Identified the +7 shortbow of the Sun {flame, Int+4}
 75107 | Vaults:5 | Killed an ancient lich
 75353 | Vaults:5 | Reached XP level 25. HP: 115/187 MP: 35/35
 75555 | Vaults:5 | Learned a level 2 spell: Blink
 75628 | Vaults:5 | Identified the staff of death "Atworghau" {rN+ Stlth+}
 75649 | Vaults:5 | Reached skill level 1 in Spellcasting
 75649 | Vaults:5 | Reached skill level 1 in Translocations
 76823 | Vaults:5 | Learned a level 6 spell: Iron Shot
 76870 | Vaults:5 | Reached skill level 1 in Conjurations
 76870 | Vaults:5 | Reached skill level 1 in Earth Magic
 77072 | Vaults:5 | Identified the +6 glaive of Myoprary {flame, rPois rF+
                  | Stlth+}
 77091 | Vaults:5 | Reached skill level 5 in Translocations
 77130 | Vaults:5 | Identified the ring of Lecageq {rCorr Int+2 Dex+2 Stlth-}
 77137 | Vaults:5 | Got the Catalogue of Windy Cold
 77155 | Vaults:5 | Got a silver rune of Zot
 77156 | Vaults:5 | Identified the staff of cold "Pogaot" {rPois rC+ Str+2}
 78068 | Vaults:5 | Got the Spellbook of the Volcano
 78083 | Vaults:5 | Learned a level 8 spell: Ignition
 78727 | Depths:2 | You are sucked into a shaft and drop 1 floor!
 78753 | Zot:1    | Entered Level 1 of the Realm of Zot
 78763 | Zot:1    | Reached skill level 1 in Fire Magic
 79741 | Depths:4 | Reached skill level 5 in Fire Magic
 81319 | Zot:1    | Learned a level 5 spell: Irradiate
 81403 | Zot:1    | Noticed an orb of fire
 81411 | Zot:1    | Gained mutation: You are covered in fur. (AC +1) [an orb of
                  | fire]
 81414 | Zot:1    | Gained mutation: You have a pair of small antennae on your
                  | head. [an orb of fire]
 81415 | Zot:1    | Gained mutation: You are frail. (-10% HP) [an orb of fire]
 81421 | Zot:1    | Killed an orb of fire
 81422 | Zot:1    | Reached skill level 1 in Transmutations
 81444 | Zot:1    | Reached skill level 5 in Conjurations
 81527 | Zot:1    | Noticed an orb of fire
 81541 | Zot:1    | Gained mutation: You are dopey. (Int -2) [an orb of fire]
 81563 | Zot:1    | Gained mutation: You occasionally shout uncontrollably at
                  | your foes. [an orb of fire]
 81564 | Zot:1    | Killed an orb of fire
 81565 | Zot:1    | Lost mutation: You are covered in fur. (AC +1) [potion of
                  | mutation]
 81565 | Zot:1    | Lost mutation: You are dopey. (Int -2) [potion of mutation]
 81565 | Zot:1    | Lost mutation: You are frail. (-10% HP) [potion of
                  | mutation]
 81565 | Zot:1    | Gained mutation: You are partially covered in iridescent
                  | scales. (AC +2) [potion of mutation]
 81566 | Zot:1    | Lost mutation: You have a pair of small antennae on your
                  | head. [potion of mutation]
 81566 | Zot:1    | Lost mutation: You are partially covered in iridescent
                  | scales. (AC +2) [potion of mutation]
 81566 | Zot:1    | Gained mutation: Your flesh is cold resistant. (rC+)
                  | [potion of mutation]
 81566 | Zot:1    | Gained mutation: You are agile. (Dex +4, Str/Int -1)
                  | [potion of mutation]
 81567 | Zot:1    | Lost mutation: You are agile. (Dex +4, Str/Int -1) [potion
                  | of mutation]
 81567 | Zot:1    | Lost mutation: You are weak. (Str -2) [potion of mutation]
 81567 | Zot:1    | Gained mutation: You are weak. (Str -2) [potion of
                  | mutation]
 81568 | Zot:1    | Lost mutation: You occasionally shout uncontrollably at
                  | your foes. [potion of mutation]
 81568 | Zot:1    | Lost mutation: You are weak. (Str -2) [potion of mutation]
 81568 | Zot:1    | Gained mutation: Your mind is acute. (Int +4, Str/Dex -1)
                  | [potion of mutation]
 81568 | Zot:1    | Gained mutation: You have a pair of small antennae on your
                  | head. [potion of mutation]
 81568 | Zot:1    | Gained mutation: You are vulnerable to heat. (rF-) [potion
                  | of mutation]
 81568 | Zot:1    | Gained mutation: You are somewhat resistant to further
                  | mutation. [potion of mutation]
 82154 | Zot:1    | Reached XP level 26. HP: 185/193 MP: 35/35
 84029 | Zot:2    | Reached skill level 5 in Transmutations
 84710 | Zot:2    | Noticed an orb of fire
 84742 | Zot:2    | Killed an orb of fire
 86221 | Zot:3    | Found a transporter.
 86232 | Zot:3    | Found a transporter.
 86528 | Zot:3    | Reached skill level 10 in Conjurations
 87433 | Zot:4    | Noticed an orb of fire
 87999 | Zot:4    | Noticed an orb of fire
 88120 | Zot:4    | Gained mutation: You are weak. (Str -2) [an orb of fire]
 88148 | Zot:4    | Killed an orb of fire
 89794 | Zot:4    | Got the Octavo of The Black Sun
 89862 | Zot:5    | Entered Level 5 of the Realm of Zot
 91446 | Zot:5    | Reached XP level 27. HP: 119/199 MP: 35/35
 91730 | Zot:5    | Noticed an ancient lich
 91751 | Zot:5    | Killed an ancient lich
 91774 | Zot:5    | Noticed an orb of fire
 91885 | Zot:3    | HP: 5/199 [orb of fire/fireball (12)]
 91897 | Zot:3    | HP: 8/199 [orb of fire/fireball (7)]
 92361 | Zot:3    | Gained mutation: You occasionally lose the ability to read
                  | scrolls when taking damage. [an orb of fire]
 92364 | Zot:3    | Gained mutation: You occasionally lose the ability to drink
                  | potions when taking damage. [an orb of fire]
 92366 | Zot:3    | Killed an orb of fire
 92424 | Zot:3    | Lost mutation: You are weak. (Str -2) [potion of mutation]
 92424 | Zot:3    | Lost mutation: You are somewhat resistant to further
                  | mutation. [potion of mutation]
 92424 | Zot:3    | Lost mutation: Your mind is acute. (Int +4, Str/Dex -1)
                  | [potion of mutation]
 92424 | Zot:3    | Gained mutation: You sometimes lose your temper in combat.
                  | [potion of mutation]
 92424 | Zot:3    | Gained mutation: You are strong-willed. (Will+) [potion of
                  | mutation]
 92425 | Zot:3    | Lost mutation: You have a pair of small antennae on your
                  | head. [potion of mutation]
 92425 | Zot:3    | Lost mutation: Your flesh is cold resistant. (rC+) [potion
                  | of mutation]
 92425 | Zot:3    | Lost mutation: You occasionally lose the ability to read
                  | scrolls when taking damage. [potion of mutation]
 92425 | Zot:3    | Gained mutation: You passively dampen the noise of your
                  | surroundings. [potion of mutation]
 92425 | Zot:3    | Gained mutation: Your spells are a little harder to cast,
                  | but a little more powerful. [potion of mutation]
 92426 | Zot:3    | Lost mutation: You passively dampen the noise of your
                  | surroundings. [potion of mutation]
 92426 | Zot:3    | Lost mutation: You occasionally lose the ability to drink
                  | potions when taking damage. [potion of mutation]
 92426 | Zot:3    | Gained mutation: You have an uncontrollable temper. [potion
                  | of mutation]
 92621 | D:15     | Killed Jussuw Iff's ghost
 92731 | D:15     | Identified the +2 robe of Refuge {rElec rPois Will+}
 92957 | D:15     | Lost mutation: You are vulnerable to heat. (rF-) [potion of
                  | mutation]
 92957 | D:15     | Lost mutation: You have an uncontrollable temper. [potion
                  | of mutation]
 92957 | D:15     | Gained mutation: You are frail. (-10% HP) [potion of
                  | mutation]
 92958 | D:15     | Lost mutation: You sometimes lose your temper in combat.
                  | [potion of mutation]
 92958 | D:15     | Lost mutation: You are strong-willed. (Will+) [potion of
                  | mutation]
 92958 | D:15     | Gained mutation: Your mind is acute. (Int +4, Str/Dex -1)
                  | [potion of mutation]
 93288 | Zot:5    | Noticed an orb of fire
 93295 | Zot:4    | Gained mutation: You have sharp toenails. [an orb of fire]
 93312 | Zot:4    | Killed an orb of fire
 93512 | Zot:5    | Noticed an orb of fire
 93529 | Zot:4    | Reached skill level 10 in Transmutations
 93611 | Zot:4    | Gained mutation: You occasionally shout uncontrollably at
                  | your foes. [an orb of fire]
 93620 | Zot:4    | Gained mutation: Armour fits poorly on your strangely
                  | shaped body. [an orb of fire]
 93628 | Zot:4    | Killed an orb of fire
 93733 | Zot:5    | Gained mutation: You sometimes lose your temper in combat.
                  | [an orb of fire]
 93743 | Zot:4    | Gained mutation: You are weak. (Str -2) [an orb of fire]
 93752 | Zot:4    | Killed an orb of fire
 93818 | Zot:4    | Lost mutation: You sometimes lose your temper in combat.
                  | [potion of mutation]
 93818 | Zot:4    | Lost mutation: Your mind is acute. (Int +4, Str/Dex -1)
                  | [potion of mutation]
 93818 | Zot:4    | Lost mutation: Your spells are a little harder to cast, but
                  | a little more powerful. [potion of mutation]
 93818 | Zot:4    | Gained mutation: You occasionally lose the ability to read
                  | scrolls when taking damage. [potion of mutation]
 93818 | Zot:4    | Gained mutation: You are very frail. (-20% HP) [potion of
                  | mutation]
 93818 | Zot:4    | Gained mutation: You have razor-sharp toenails. [potion of
                  | mutation]
 93818 | Zot:4    | Gained mutation: You are agile. (Dex +4, Str/Int -1)
                  | [potion of mutation]
 93840 | Zot:5    | Noticed a dread lich
 93900 | Zot:5    | Noticed an orb of fire
 93908 | Zot:4    | Killed a dread lich
 93911 | Zot:5    | Noticed a dread lich
 93965 | Zot:5    | Noticed an orb of fire
 93978 | Zot:4    | Gained mutation: You frequently scream uncontrollably at
                  | your foes. [an orb of fire]
 93991 | Zot:4    | Killed an orb of fire
 94117 | Zot:5    | Noticed an orb of fire
 94120 | Zot:5    | Noticed an orb of fire
 94137 | Zot:4    | Killed a dread lich
 94169 | Zot:4    | Gained mutation: Potions are less effective at restoring
                  | your health. [an orb of fire]
 94185 | Zot:4    | Gained mutation: You occasionally lose the ability to drink
                  | potions when taking damage. [an orb of fire]
 94187 | Zot:4    | Gained mutation: You are vulnerable to cold. (rC-) [an orb
                  | of fire]
 94197 | Zot:4    | Killed an orb of fire
 94374 | Zot:4    | Lost mutation: You are weak. (Str -2) [an orb of fire]
 94376 | Zot:4    | Gained mutation: Your magical capacity is low. (-10% MP)
                  | [an orb of fire]
 94384 | Zot:4    | Killed an orb of fire
 94456 | Zot:4    | Gained mutation: You are vulnerable to heat. (rF-) [an orb
                  | of fire]
 94472 | Zot:4    | Killed an orb of fire
 95294 | Zot:5    | Reached skill level 15 in Conjurations
 95337 | Zot:5    | Noticed an orb of fire
 95342 | Zot:5    | Gained mutation: You are dopey. (Int -2) [an orb of fire]
 95448 | Zot:4    | Lost mutation: You are agile. (Dex +4, Str/Int -1) [an orb
                  | of fire]
 95462 | Zot:4    | Gained mutation: You are clumsy. (Dex -2) [an orb of fire]
 95470 | Zot:4    | Gained mutation: Your spells are a little easier to cast,
                  | but a little less powerful. [an orb of fire]
 95471 | Zot:4    | The Shining One protects you from harm!
 95479 | Zot:4    | Killed an orb of fire
 96492 | Zot:5    | Noticed an orb of fire
 96496 | Zot:5    | Lost mutation: Armour fits poorly on your strangely shaped
                  | body. [an orb of fire]
 96501 | Zot:5    | Gained mutation: You are very vulnerable to heat. (rF--)
                  | [an orb of fire]
 96515 | Zot:5    | Gained mutation: Your body sometimes deteriorates upon
                  | taking damage. [an orb of fire]
 96524 | Zot:5    | Killed an orb of fire
 97561 | Zot:5    | Noticed an orb of fire
 97971 | Zot:5    | Killed from afar by an orb of fire

Illustrated notes

Levels and vault maps discovered:
D:1:      matt_arrival_spirals, layout_basic, serial_shops, shop
D:2:      layout_loops_ring, minmay_quantized
D:3:      layout_rooms, hellmonk_ecumenical_altar_zigzags, grunt_ministairs_9,
          roderic_batcave
D:4:      layout_rooms, mainiacjoe_overflow_alcove_3, bloody_makhleb,
          minmay_temple_entry_enclosed_plants, uniq_ijyb,
          uniq_crazy_yiuf_cottage
D:5:      layout_basic, grunt_temple_overflow_opulence,
          mainiacjoe_overflow_catwalk_spiral, serial_shops,
          nicolae_shop_hallway_plus, minmay_between
D:6:      layout_loops_ring, mainiacjoe_overflow_paths,
          lightli_sewer_entry_pipes, uniq_edmund, uniq_grinder
D:7:      layout_rooms, mainiacjoe_overflow_boulevard, serial_shops, shop,
          kennysheep_minor_cross, amcnicky_altar_lugonu_corruption
D:8:      layout_cave_pools, mainiacjoe_overflow_alcove_2, bloody_trog,
          lemuel_tele_altar, minmay_ruined_shrine
D:9:      layout_rooms, orc_0_dummy, serial_park_tiny_pond
D:10:     layout_irregular_city
D:11:     layout_loops_cross, due_lair_maze_entry_diamond
D:12:     layout_gridville, uniq_sonja, uniq_jorgrun
D:13:     layout_stronghold, serial_shops, nicolae_shop_crystal, shop,
          nicolae_diamond_shop, nicolae_take_the_stairs,
          portal_ice_cave_entry_animals_and_master, lemuel_flame_loot_1
D:14:     layout_loops_corners, ximxim_vaults_locker_room,
          kiku_gazebo_garden_becter, serial_bayou_pond_a
D:15:     gammafunk_enter_depths_forms, layout_loops_ring,
          ploomutoo_gammafunk_ghost_potion_laboratory, drop_trap, uniq_roxanne
Temple:   nicolae_temple_superstar
Lair:1:   layout_concentric_octagons, dpeg_stationary_puzzle,
          grunt_megastairs_1, infiniplex_staircase_pool_2, serial_bayou_shore_b,
          serial_bayou_shore_b
Lair:2:   layout_long_grid, nicolae_swamp_entry_spooky,
          chequers_serial_rivers_marsh, grunt_forest_large_clearings,
          serial_bayou_shore_a, uniq_erica
Lair:3:   layout_gridlike, nicolae_spider_entry_tight_spaces, nzn_ghost_randoct,
          special_room [special_room_bee], grunt_forest_stairs_clearing
Lair:4:   layout_cellular_growth, disabler_island
Lair:5:   minmay_lair_end_enchanted_forest, layout_gridlike, slime_entry_1,
          special_room [special_room_mythical_zoo], nicolae_lair_lakeside_cave
Swamp:1:  layout_falls_marsh, nicolae_swamp_dense_foliage, lightli_tree_ring
Swamp:2:  layout_basic_swamp, hangedman_swamp_ruin_wall
Swamp:3:  layout_basic_swamp, hangedman_swamp_cone, swamp_pool5, uniq_aizul
Swamp:4:  swamp_icy, layout_basic_swamp, swamp_pool3
Spider:1: layout_spider_delve
Spider:2: layout_spider_delve, spiders_nest_spider_trap, uniq_azrael,
          uniq_frances, uniq_arachne, uniq_agnes
Spider:3: nicolae_spider_hilbert_zone_2 [nicolae_spider_hilbert_4_sides_1_open,
          nicolae_spider_hilbert_4_sides_1_open,
          nicolae_spider_hilbert_4_sides_1_open,
          nicolae_spider_hilbert_4_sides_1_open,
          nicolae_spider_hilbert_6_sides_1_open,
          nicolae_spider_hilbert_6_sides_1_open,
          nicolae_spider_hilbert_3_sides_1_open,
          nicolae_spider_hilbert_3_sides_1_open,
          nicolae_spider_hilbert_3_sides_1_open,
          nicolae_spider_hilbert_3_sides_1_open,
          nicolae_spider_hilbert_6_sides_1_open,
          nicolae_spider_hilbert_6_sides_1_open,
          nicolae_spider_hilbert_6_sides_1_open,
          nicolae_spider_hilbert_6_sides_1_open], ebering_ghost_xom
Spider:4: spider_rune_water, nicolae_arachne_temple
Orc:1:    layout_caves
Orc:2:    grunt_orc_cross, layout_caves, basic_altar
Elf:1:    eino_elf_arrival_altar, layout_gridlike, minmay_elf_annihilation
Elf:2:    nicolae_elf_blades_splatter_lattice [nicolae_blade_entry_pointy_end],
          layout_loops_ring, serial_shops, shop
Elf:3:    elf_hall_gauntlet_narrow, layout_gridlike,
          amcnicky_mini_corridor_feature
Vaults:1: hangedman_vaults_corner_blocks, vaults_dpeg_doors,
          vaults_mumra_minichess_inversion, nicolae_vaults_trapezoid_lopsided_1,
          nicolae_vaults_yaktaur_gun_rack, nicolae_vaults_trapezoid_3,
          nicolae_vaults_corridor_and_loot_room, hangedman_vaults_stream,
          nicolae_vaults_what_the_h, vaults_room_door_hall,
          vaults_room_door_hall, layout_vaults_omnigrid
Vaults:2: mu_enter_wizlab_5, nicolae_vaults_variable_pillar_hall,
          v_alt_pattern_2, vaults_dpeg_diagonal,
          minmay_crypt_entry_nasty_monster, hangedman_vaults_maws, v_misc_25,
          serial_ice_b, nicolae_vaults_diamond_1, v_misc_14,
          layout_vaults_big_room, serial_shops, shop
Vaults:3: nicolae_vaults_angled_halls, nicolae_vaults_murderbox,
          nicolae_vaults_shrinking_rooms_1, nicolae_vaults_mitosis,
          ontoclasm_vaults_eye, nicolae_vaults_shelves_hall,
          nicolae_vaults_hexular_roomagon, nicolae_vaults_house_2,
          ontoclasm_vaults_chip, nicolae_vaults_turnstiles,
          nicolae_vaults_network_s, ontoclasm_vaults_pinch,
          layout_vaults_omnicross, serial_shops, shop_coins
Vaults:4: nicolae_vaults_offset_grid_hallway_3, nicolae_vaults_angled_halls,
          nicolae_vaults_crenellated_ambush, ontoclasm_vaults_idyll,
          vaults_standard_mumra_enter_the_diamond, grunt_vaults_bifocal,
          v_misc_22, hangedman_vaults_capsules, nicolae_vaults_house_1,
          ontoclasm_vaults_chip, hangedman_vaults_cutoff,
          nicolae_vaults_trapezoid_1, nicolae_vaults_trapezoid_lopsided_1,
          grunt_vaults_hallway_long, nicolae_vaults_tetromino_T_2,
          layout_vaults_ring
Vaults:5: uniq_saint_roka
Crypt:1:  layout_gridlike
Crypt:2:  layout_chaotic_city, lemuel_upstairs_altar
Depths:1: layout_gridville, grunt_dithmenos_smoke_and_mirrors,
          pf_hell_entry_tar_river, kennysheep_flooded_box, st_stairs_9,
          hangedman_eye_storm, uniq_mara, uniq_sojobo
Depths:2: hangedman_screamer, layout_honeycomb, enter_ziggurat_a, hell_entry,
          nicolae_wu_jian_immortal_techniques, grunt_pan_entry_sceptre,
          serial_shops, bzr_firewalk, shop, grunt_ministairs_8,
          infiniplex_staircase_split_hallway, uniq_asterion
Depths:3: grunt_deathspiral_large, layout_gridville, marbit_kobold_abyss_entry,
          hell_entry, uniq_parghit
Depths:4: evilmike_zot_entry_diamond, layout_basic, hell_entry, abyss_entry,
          serial_bayou_pond_c, minmay_shop_star, uniq_josephina, uniq_grunn
Zot:1:    layout_gridlike, guppyfry_library_mini, grunt_megastairs_2
Zot:2:    layout_gridlike, lemuel_baited_zot_trap, st_small_dragon_hoard_2
Zot:3:    gammafunk_sealed_arena, layout_basic
Zot:4:    dreamdust_black_sun_cult, layout_misc_corridors
Zot:5:    layout_misc_corridors

Skill      XL: |  1  2  3  4  5  6  7  8  9 10 11 12 13 14 15 16 17 18 19 20 21 22 23 24 25 26 27 |
---------------+----------------------------------------------------------------------------------+-----
Shields        | 4 5 6 7 8 9 13 16 | 16.4
Fighting       | 4 5 6 7 9 10 12 13 15 16 17 19 20 21 22 23 24 26 27 | 27.0
Maces & Flails | 3 4 5 6 8 9 11 12 13 15 16 | 16.4
Dodging        | 3 5 7 8 9 10 13 17 | 17.2
Armour         | 6 8 12 15 17 | 17.4
Invocations    | 4 8 11 13 15 16 17 | 17.8
Evocations     | 5 6 7 8 |  8.2
Spellcasting   | 4 |  4.1
Translocations | 5 |  5.6
Conjurations   | 5 12 15 | 15.9
Earth Magic    | 4 |  4.7
Fire Magic     | 7 |  7.5
Transmutations | 2 9 12 | 12.0

Action                     |  1- 3 |  4- 6 |  7- 9 | 10-12 | 13-15 | 16-18 | 19-21 | 22-24 | 25-27 || total
---------------------------+-------+-------+-------+-------+-------+-------+-------+-------+-------++-------
  Melee: Flail             |   134 |    84 |   219 |   182 |       |       |       |  1034 |       ||  1653
         Whip              |       |    85 |       |       |       |       |       |       |       ||    85
         Morningstar       |       |    21 |    91 |   474 |  1422 |  2229 |  2145 |    53 |       ||  6435
         Sacred scourge    |       |       |       |       |       |       |       |  2032 |  2967 ||  4999
   Cast: Blink             |       |       |       |       |       |       |       |       |     4 ||     4
         Irradiate         |       |       |       |       |       |       |       |       |     1 ||     1
 Invoke: Divine Shield     |       |       |       |       |     1 |     4 |    13 |    16 |    21 ||    55
         Cleansing Flame   |       |       |       |       |       |     2 |     6 |     9 |     7 ||    24
         Brand Weapon With |       |       |       |       |       |       |       |     1 |       ||     1
         Summon Divine War |       |       |       |       |       |       |       |     1 |     8 ||     9
  Evoke: Wand              |       |       |       |       |       |       |       |       |     7 ||     7
    Use: Scroll            |     3 |     1 |     3 |     8 |    10 |    13 |    10 |    24 |    17 ||    89
         Potion            |       |     1 |       |     3 |       |     1 |    17 |     5 |    38 ||    65
 Armour: Scale mail        |    63 |   130 |   174 |   179 |       |       |       |       |       ||   546
         Acid dragon scale |       |       |       |   180 |   684 |  1448 |  1039 |   998 |   828 ||  5177
  Dodge: Dodged            |    71 |   110 |   140 |   426 |   914 |  1680 |   995 |  1054 |  1091 ||  6481
  Block: Buckler           |    34 |    42 |    96 |   178 |   429 |  1012 |  1119 |    11 |       ||  2921
         Kite shield       |       |       |       |       |       |       |       |  1784 |  1541 ||  3325
